 Dungeon Crawl Stone Soup version 0.29.0-10-g45618ea6d2 (webtiles) character file.

Game seed: 14800116116245605651

184 SensoryNuts the Slasher (level 5, 0/41 HPs)
             Began as a Demonspawn Fighter on Sept 1, 2022.
             Slain by an orc
             ... wielding a +0 whip
              (5 damage)
             ... on level 3 of the Dungeon.
             The game lasted 00:01:45 (1702 turns).

SensoryNuts the Slasher (Demonspawn Fighter)        Turns: 1702, Time: 00:01:46

Health: 0/41       AC: 16    Str: 16    XL:     5   Next: 36%
Magic:  5/5        EV:  9    Int: 10    God:
Gold:   101        SH:  5    Dex: 14    Spells: 4/4 levels left

rFire   . . .      SeeInvis .   a - +0 long sword (protect)
rCold   . . .      Faith    .   c - +0 buckler
rNeg    . . .      Spirit   .   b - +0 scale mail
rPois   .          Reflect  .   (no helmet)
rElec   .          Harm     .   i - scarf {+Inv}
rCorr   .          Rampage  .   j - +0 pair of gloves
Will    .....                   g - +0 pair of boots
Stlth   ..........              (no amulet)
HPRegen 0.13/turn               (no ring)
MPRegen 0.09/turn               (no ring)

@: under a protective aura
A: weakness stinger 1
a: Evoke Invisibility


You were on level 3 of the Dungeon.
You visited 1 branch of the dungeon, and saw 3 of its levels.

You collected 101 gold pieces.

Inventory:

Hand Weapons
 a - a +0 long sword of protection (weapon)
Armour
 b - a +0 scale mail (worn)
 c - a +0 buckler (worn)
 g - a +0 pair of boots (worn)
 i - a scarf of invisibility (worn)
 j - a +0 pair of gloves (worn)
Jewellery
 k - a ring of willpower
Scrolls
 f - a scroll of fog
Potions
 d - a potion of might
 l - a potion of degeneration


   Skills:
 + Level 3.3 Fighting
 * Level 3.8 Long Blades
 + Level 3.4 Armour
 + Level 0.4 Dodging
 + Level 3.3 Shields


You had 4 spell levels left.
You didn't know any spells.
Your spell library contained the following spells:

 Spells                   Type           Power      Damage    Failure   Level
 Sublimation of Blood     Necr           0%         N/A       95%         2
 Ozocubu's Armour         Ice            0%         N/A       99%         3
 Tukima's Dance           Hex            0%         N/A       99%         3
 Passage of Golubria      Tloc           0%         N/A       100%        4
 Petrify                  Tmut/Erth      0%         N/A       100%        4
 Irradiate                Conj/Tmut      0%         3d11      100%        5
 Yara's Violent Unravell  Hex/Tmut       0%         3d3       100%        5
 Ozocubu's Refrigeration  Ice            0%         4d7       100%        7


Dungeon Overview and Level Annotations

Branches:
Dungeon (3/15)

Altars:
Fedhas


Innate Abilities, Weirdness & Mutations

You have a small tail.


Message History

You miss something. Something completely misses you.
Something hits you but does no damage.
You miss something. You tail-slap something. Something hits you.
You completely miss something.
You hear some strange, mumbled words.
A puff of flame appears from out of thin air!
The puff of flame hits you!
You hit something.
Your weapon exudes an aura of protection.
Reactivating autopickup.
You feel a bit more experienced.
You have reached level 5!
Unknown command.
You slash the orc priest!
The orc priest is almost dead.
The orc priest looks satisfied for a moment.
The orc priest closely misses you.
You completely miss the orc priest.
The orc priest is almost dead.
The orc priest calls down the wrath of Beogh upon you.
Beogh smites you!
* * * LOW HITPOINT WARNING * * *
You slash the orc priest!
You kill the orc priest!
You hit the orc.
The orc is lightly wounded.
The orc hits you but does no damage. x2
You hit the orc.
The orc is heavily wounded.
You block the orc's attack.
You barely miss the orc.
Your tail-slap misses the orc.
The orc is heavily wounded.
The orc hits you but does no damage.
You hit the orc but do no damage.
The orc is heavily wounded.
The orc barely misses you.
You barely miss the orc.
Your tail-slap misses the orc.
The orc is heavily wounded.
The orc hits you with a +0 whip.
You die...

.....!..))†.#......
........!.).......#
....###.†#.......##
.....##.###...!....
......).##)....$...
..ooo.(............
.....##.#.<........
).... #o#..........
...) #@##.........
... #.##.......?.
### #.#..........
....#........ ....
....... .....
....... .....
....?.#


You could see an orc.

Vanquished Creatures
  An orc priest (D:3)
  2 orc wizards (D:3)
  7 adders
  A dart slug (D:1)
  4 orcs (D:3)
  4 ball pythons
  3 endoplasms
  2 giant cockroaches (D:2)
  A hobgoblin (D:1)
  8 jackals
  4 bats
  3 frilled lizards
  4 goblins
  3 kobolds
  3 rats
50 creatures vanquished.

Notes
Turn   | Place    | Note
-------+----------+-------------------------------------------
     0 | D:1      | SensoryNuts the Demonspawn Fighter began the quest for the
                  | Orb.
     0 | D:1      | Reached XP level 1. HP: 18/18 MP: 1/1
   296 | D:1      | Gained mutation: You have a small tail. [demonic ancestry]
   296 | D:1      | Reached XP level 2. HP: 24/24 MP: 2/2
   782 | D:2      | Reached XP level 3. HP: 29/29 MP: 3/3
  1012 | D:2      | Found a faded altar of an unknown god.
  1342 | D:2      | Found a blossoming altar of Fedhas.
  1456 | D:2      | Reached XP level 4. HP: 35/35 MP: 4/4
  1695 | D:3      | Reached XP level 5. HP: 17/41 MP: 5/5
  1702 | D:3      | Slain by an orc

Illustrated notes

Levels and vault maps discovered:
D:1:      dreamdust_arrival_beginning_and_end, layout_basic
D:2:      layout_basic, ebering_ecumenical_altar_webs, basic_altar
D:3:      layout_rooms, due_unseen_surprise

Skill      XL: |  1  2  3  4 |
---------------+-------------+-----
Long Blades    | 2 3 |  3.8
Armour         | 3 |  3.4
Shields        | 3 |  3.3
Fighting       | |  3.3
Dodging        | |  0.4

Action                   |  1- 3 |  4- 6 || total
-------------------------+-------+-------++-------
Melee: Long sword        |    85 |    68 ||   153
       Tailslap          |     6 |     9 ||    15
  Use: Scroll            |       |     4 ||     4
Armor: Scale mail        |    44 |   112 ||   156
Dodge: Dodged            |    30 |    86 ||   116
Block: Buckler           |    20 |    44 ||    64
